AoeStats
← seba.alpha

Arena

505163100Analyzed
1v1 RM · 23d ago on Sep 8, 2026· 49m 8s· 2 players
Game mode
Random Map
Map size
Tiny (2 player)
Population
200
Speed
Normal
Resources
Standard
Victory
Conquest
Starting age
Dark Age
Ending age
Imperial Age
RankedLock teamsTeams togetherTeam positionsShared explorationLock speedFull tech treeHidden civsTurbo modeCheats
Victory
Defeat
🇺🇸 Franks · United States
710
+16
🇨🇱 Mongols · Chile
710
-37
seba.alpha
3:45 Loom
12:56 Feudal Age
16:18 Wheelbarrow
15:55 Horse Collar
21:46 Castle Age
24:45 Forging
24:50 Heavy Plow
28:37 Double-Bit Axe
29:59 Scale Barding Armor
33:16 Hand Cart
33:07 Gold Mining
33:08 Stone Mining
35:11 Husbandry
40:59 Imperial Age
39:28 Padded Archer Armor
39:19 Fletching
40:12 Bloodlines
41:46 Ballistics
41:55 Town Watch
44:15 Iron Casting
45:30 Chain Barding Armor
44:36 Elite Steppe Lancer
Make America Great Again
12:29 Feudal Age
11:51 Loom
16:25 Castle Age
15:03 Double-Bit Axe
15:21 Gold Mining
17:32 Bow Saw
24:29 Stone Mining
27:01 Wheelbarrow
27:32 Ballistics
30:27 Imperial Age
28:27 Hand Cart
30:03 Forging
29:54 Scale Mail Armor
30:00 Scale Barding Armor
29:46 Fletching
29:57 Padded Archer Armor
30:14 Fortified Wall
30:00 Murder Holes
30:17 Masonry
29:33 Man-at-Arms
30:16 Squires
30:08 Gambesons
32:08 #83
32:59 Long Swordsman
33:00 Pikeman
33:27 Arson
34:21 Iron Casting
34:02 Chain Mail Armor
35:23 Gold Shaft Mining
35:01 Two-Handed Swordsman
35:02 Halberdier
36:47 Blast Furnace
35:44 Bodkin Arrow
36:10 Chain Barding Armor
36:06 Leather Archer Armor
35:58 Cavalier
36:39 Husbandry
36:00 Light Cavalry
36:59 Elite Throwing Axeman
38:01 Conscription
38:17 Hoardings
37:43 Chivalry
38:19 Plate Mail Armor
44:07 Chemistry
43:40 Architecture
45:22 Plate Barding Armor
Connection lost

Rejoining the realm…

Still unreachable

The connection could not be restored.

Session expired

The server has moved on; the page needs a fresh start.